 Dungeon Sprint DCSS version 0.24-a0-525-g9231cdc (webtiles) character file.

Game seed: 17617603448734519119

1818 silentkaos13 the Imperceptible (level 9, 0/54 HPs)
             Began as an Octopode Assassin on Aug 4, 2019.
             Was a Follower of Dithmenos.
             Slain by a deep troll (27 damage)
             ... in the Dungeon (Sprint I: "Red Sonja").
             The game lasted 00:02:44 (279 turns).

silentkaos13 the Imperceptible (Octopode Assassin)   Turns: 279, Time: 00:02:44

Health: 0/54       AC:  1    Str: 11    XL:     9   Next: 10%
Magic:  9/9        EV: 15    Int: 17    God:    Dithmenos [*.....]
Gold:   352        SH:  0    Dex: 20    Spells: 8/8 levels left

rFire    + . .     SeeInvis .   n - +3 dagger "Ipeixky" {pierce, rF+ Int+4 Dex+4} (curse)
rCold    . . .     Gourm    .   (no shield)
rNeg     . . .     Faith    .   (helmet restricted)
rPois    .         Spirit   .   (no amulet)
rElec    .         Reflect  .   (no ring)
rCorr    .         Harm     .   (no ring)
MR       .....     NoTele   +   (no ring)
Stlth    ++++++++++             (no ring)
HPRegen  0.18/turn              (no ring)
MPRegen  0.11/turn              (no ring)
                                (no ring)
                                (no ring)

@: wreathed by umbra
A: almost no armour, stealthy swim, amphibious, 8 rings, constrict 8, camouflage
1, gelatinous body 1
a: Renounce Religion


You were in the Dungeon.
You worshipped Dithmenos.
Dithmenos was aware of your devotion.
You were not hungry.

You visited 1 branch You collected 527 gold pieces.
You spent 175 gold pieces at shops.

Inventory:

Hand Weapons
 a - a +2 dagger
 m - a +1 dagger of distortion
 n - the cursed +3 dagger "Ipeixky" (weapon) {pierce, rF+ Int+4 Dex+4}
   (You bought it in a shop in the Dungeon)

   It inflicts extra damage upon your enemies.
   It affects your intelligence (+4).
   It affects your dexterity (+4).
   It protects you from fire.
   It has a curse placed upon it.
Missiles
 b - 8 poisoned darts (quivered)
 c - 9 curare-tipped darts
Wands
 l - a wand of enslavement (6)
Scrolls
 j - a scroll of blinking
Potions
 e - a potion of curing
 f - a potion of heal wounds
 g - a potion of haste
 h - 2 potions of magic
 i - a potion of berserk rage
 k - a potion of might {unknown}
Comestibles
 d - a ration


   Skills:
 - Level 2.0 Fighting
 * Level 10.9 Short Blades
 - Level 2.0 Throwing
 * Level 3.8 Dodging
 + Level 21.0 Stealth


You had 8 spell levels left.
You didn't know any spells.
Your spell library was empty.

Dungeon Overview and Level Annotations

Branches:
Dungeon (1/1)

Altars:
Cheibriados
Dithmenos
Elyvilon
Fedhas
Gozag
Hepliaklqana
Kikubaaqudgha
Makhleb
Nemelex Xobeh
Okawaru
Qazlal
Ru
Sif Muna
Trog
Uskayaw
Vehumet
Wu Jian
Xom
Yredelemnul
Zin
The Shining One
Jiyva
Lugonu

Shops:
D ((


Innate Abilities, Weirdness & Mutations

You cannot wear most types of armour.
You are very stealthy in the water. (Stealth+)
You are amphibious.
You can wear up to eight rings at the same time.
You can use your tentacles to constrict eight enemies at once.
Your skin changes colour to match your surroundings (Stealth+).
Your rubbery body absorbs attacks. (AC +1, EV +1)


Message History

You hit the deep troll.
The deep troll is lightly wounded.
You hit the deep troll. Your squeeze misses the deep troll.
The deep troll is lightly wounded.
The deep troll barely misses you. The deep troll misses you.
The deep troll claws you.
You hit the deep troll.
The deep troll is moderately wounded.
You hit the deep troll.
The deep troll is moderately wounded.
The deep troll bites you but does no damage.
The deep troll claws you!! The deep troll claws you.
You hit the deep troll but do no damage.
Your squeeze misses the deep troll.
The deep troll is moderately wounded.
You closely miss the deep troll.
The deep troll is moderately wounded.
The deep troll bites you!!
Ouch! That really hurt!
You die...

#..#####'#####'#__####)..+
#..####..#...#)#### #####
#..#__####..##.#
#..#_____##'#_.+
#⌠⌠#_.∩...'..._#
####_..__##_.#'#
#_____###'#.#
############.####+###
#∩........'...'@T.$$+
###++++####.†.#######
##.## #+#


You could see a deep troll.

Vanquished Creatures
  Sonja (D)
  2 kobold demonologists (D)
  A slime creature (D)
  A yak (D)
  Sigmund (D)
  A floating eye (D)
  An ogre (D)
  A jelly (D)
  Ijyb (D)
10 creatures vanquished.

Notes
Turn   | Place    | Note
-------+----------+-------------------------------------------
     0 | D        | silentkaos13 the Octopode Assassin began the quest for the
                  | Orb.
     0 | D        | Reached XP level 1. HP: 14/14 MP: 1/1
     1 | D        | Noticed Ijyb
     7 | D        | Killed Ijyb
     7 | D        | Reached skill level 9 in Stealth
     7 | D        | Reached XP level 2. HP: 13/19 MP: 2/2
     7 | D        | Reached XP level 3. HP: 17/24 MP: 3/3
    88 | D        | Noticed an ogre
    91 | D        | Killed an ogre
    91 | D        | Reached skill level 13 in Stealth
    91 | D        | Reached XP level 4. HP: 29/29 MP: 4/4
   101 | D        | Noticed Sigmund
   104 | D        | Killed Sigmund
   104 | D        | Reached XP level 5. HP: 34/34 MP: 5/5
   104 | D        | Reached XP level 6. HP: 39/39 MP: 6/6
   118 | D        | Found an ornate altar of the Wu Jian Council.
   118 | D        | Found a deep blue altar of Sif Muna.
   120 | D        | Found a radiant altar of Vehumet.
   124 | D        | Reached skill level 14 in Stealth
   127 | D        | Found Niexutepp's Weapon Emporium.
   127 | D        | Found an ancient bone altar of Kikubaaqudgha.
   127 | D        | Found a hazy altar of Hepliaklqana.
   127 | D        | Found a stormy altar of Qazlal.
   127 | D        | Found a hide-covered altar of Uskayaw.
   127 | D        | Found a blossoming altar of Fedhas.
   127 | D        | Found a bloodstained altar of Trog.
   127 | D        | Found an iron altar of Okawaru.
   127 | D        | Found a basalt altar of Yredelemnul.
   127 | D        | Found a glowing golden altar of the Shining One.
   127 | D        | Found a snail-covered altar of Cheibriados.
   127 | D        | Found a sacrificial altar of Ru.
   127 | D        | Found a glowing silver altar of Zin.
   127 | D        | Found a shadowy altar of Dithmenos.
   127 | D        | Found a white marble altar of Elyvilon.
   127 | D        | Noticed a yak
   128 | D        | Found an opulent altar of Gozag.
   129 | D        | Killed a yak
   129 | D        | Reached skill level 15 in Stealth
   160 | D        | Found a sparkling altar of Nemelex Xobeh.
   169 | D        | Became a worshipper of Dithmenos the Shadowed
   185 | D        | Found a burning altar of Makhleb.
   185 | D        | Found a viscous altar of Jiyva.
   185 | D        | Found a shimmering altar of Xom.
   185 | D        | Found a corrupted altar of Lugonu.
   185 | D        | Noticed a slime creature
   188 | D        | Killed a slime creature
   188 | D        | Reached skill level 17 in Stealth
   188 | D        | Reached XP level 7. HP: 45/45 MP: 7/7
   201 | D        | Noticed a kobold demonologist
   202 | D        | Noticed a kobold demonologist
   206 | D        | Killed a kobold demonologist
   206 | D        | Reached * piety under Dithmenos
   206 | D        | Reached skill level 10 in Short Blades
   206 | D        | Reached skill level 18 in Stealth
   206 | D        | Reached XP level 8. HP: 50/50 MP: 8/8
   208 | D        | Killed a kobold demonologist
   208 | D        | Reached skill level 19 in Stealth
   227 | D        | Noticed Sonja
   231 | D        | Killed Sonja
   231 | D        | Reached skill level 21 in Stealth
   231 | D        | Reached XP level 9. HP: 54/54 MP: 9/9
   250 | D        | Found Ummi's Antique Weapon Boutique.
   258 | D        | Bought a jewelled dagger for 175 gold pieces
   258 | D        | Identified the cursed +3 dagger "Ipeixky" {pierce, rF+
                  | Int+4 Dex+4} (You bought it in a shop in the Dungeon)
   271 | D        | Noticed a deep troll
   279 | D        | Slain by a deep troll

Levels and vault maps discovered:
D:        dungeon_sprint_1 [red_sonja_temple_1, red_sonja_temple_small_1]

Skill      XL: |  1  2  3  4  5  6  7  8 |
---------------+-------------------------+-----
Stealth        | 9 13 17 18 21 | 21.0
Short Blades   | 8 9 10 | 10.9
Dodging        | 2 3 |  3.8
Fighting       | |  2.0
Throwing       | |  2.0

Action                   |  1- 3 |  4- 6 |  7- 9 || total
-------------------------+-------+-------+-------++-------
Melee: Dagger            |     5 |     4 |    10 ||    19
       Constrict         |     1 |       |       ||     1
       Tentacles         |     1 |       |       ||     1
 Stab: Sleeping          |     2 |     4 |     4 ||    10
Armor: Skin              |       |       |     1 ||     1
Dodge: Dodged            |       |       |     2 ||     2

Table legend:
 A = Non-vault XP
 B = Vault XP
 C = Vault XP percentage of total XP
 D = Non-vault monster count
 E = Vault monster count
 F = Vault count percentage of total count
                 A         B        C        D         E       F
            +---------+---------+-------+---------+---------+-------
      Total |       0 |    2598 | 100.0 |       0 |      10 | 100.0
            +---------+---------+-------+---------+---------+-------
          D |       0 |    2598 | 100.0 |       0 |      10 | 100.0
            +---------+---------+-------+---------+---------+-------
